Description

Build used by Scarlett against Rogue ([2020 GSL S1] Ro.24 Group B Match5 Rogue vs Scarlett)

VOD

https://www.youtube.com/watch?v=0J5mSV2kMmg&t=280s

Build Order

Get SALT Encoding   

  14  0:13  Extractor  then 2 workers on gas
  13  0:27  Spawning Pool  
  12  0:57  Hatchery  
  11  1:14  Queen  
  13  1:25  Metabolic Boost  take workers off gas
  13  1:35  Overlord  
  13  1:41  Zergling  
  14  1:53  Zergling x2  
  16  2:00  Zergling  
  17  2:09  Queen  
  19  2:14  Zergling  
Spawning Tool Build Advisor. Get it on Overwolf

Analysis

Hatchery is made to fake a normal 16-17 expand, then ling speed @100 gas and pull workers off it, go @2:40 for the attack, and ling speed should hit just before you arrive at their base.

Go to:

Details

  • Created by: arty-hlr
  • Published on: Mar 01, 2023
  • Modified on: Mar 01, 2023
  • Patch: 5.0.11
  • Difficulty: Medium
Show
View Real Time Build Order
Export as new Build Order

Comments (1)

On June 22, 2024, 10:19 p.m., asdfer4t  said:

LOL

Create an account to comment!